 Dungeon Crawl Stone Soup version 0.23.2-1-ga50397a (webtiles) character file.

Game seed: 8954786260365358643

2621 myga the Magician (level 9, -1/61 HPs)
             Began as a Human Ice Elementalist on May 17, 2019.
             Was a Believer of Vehumet.
             Slain by a crocodile (14 damage)
             ... on level 7 of the Dungeon on May 18, 2019.
             The game lasted 00:38:27 (8693 turns).

myga the Magician (Human Ice Elementalist)          Turns: 8693, Time: 00:38:27

Health: -1/61      AC:  6    Str:  9    XL:     9   Next: 91%
Magic:  9/20       EV: 14    Int: 17    God:    Vehumet [**....]
Gold:   684        SH:  0    Dex: 18    Spells: 7/23 levels left

rFire    . . .     SeeInvis +   A - +0 rapier
rCold    . . .     Gourm    .   (no shield)
rNeg     . . .     Faith    .   a - +1 robe
rPois    .         Spirit   .   (no helmet)
rElec    .         Reflect  .   l - +0 cloak
rCorr    .         Harm     .   z - +0 pair of gloves
MR       .....                  F - +0 pair of boots
Stlth    +++.......             (no amulet)
HPRegen  0.20/turn              p - +3 ring of dexterity
MPRegen  0.17/turn              G - ring of see invisible

@: no status effects
A: no striking features
a: Renounce Religion


You were on level 7 of the Dungeon.
You worshipped Vehumet.
Vehumet was pleased with you.
You were very hungry.

You visited 2 branches of the dungeon, and saw 9 of its levels.
You also visited: Sewer and Ossuary.

You collected 684 gold pieces.

Inventory:

Hand Weapons
 A - a +0 rapier (weapon)
Missiles
 e - 290 stones (quivered)
Armour
 a - a +1 robe (worn)
 l - a +0 cloak (worn)
 t - the +2 pair of boots "Plog" {rCorr Dex+2}
   (You found it on level 4 of the Dungeon)

   It affects your dexterity (+2).
   It provides partial protection from all sources of acid and corrosion.
 z - a +0 pair of gloves (worn)
 F - a +0 pair of boots (worn)
Jewellery
 g - an uncursed ring of resist corrosion
 p - a +3 ring of dexterity (left hand)
 y - an uncursed ring of ice
 G - a ring of see invisible (right hand)
Wands
 v - a wand of scattershot (1)
 x - a wand of polymorph (7)
Scrolls
 b - a scroll of enchant armour
 d - 2 scrolls of immolation
 i - 5 scrolls of teleportation
 k - 8 scrolls of remove curse
 m - a scroll of fear
 n - 4 scrolls of fog
 r - a scroll of enchant weapon
 s - a scroll of magic mapping {unknown}
Potions
 f - a potion of mutation
 h - 4 potions of haste
 j - 5 potions of curing
 o - a potion of resistance
 q - 3 potions of might
 u - a potion of brilliance
 w - a potion of agility
 B - a potion of lignification
 C - a potion of ambrosia
 D - a potion of magic {unknown}
 E - a potion of flight {unknown}
Comestibles
 c - 10 rations
 H - a chunk of flesh


   Skills:
 + Level 2.1 Fighting
 + Level 3.0 Short Blades
   Level 0.3 Maces & Flails
 + Level 1.0 Throwing
 + Level 3.7 Dodging
 + Level 4.0 Stealth
 + Level 7.6 Spellcasting
 + Level 1.8 Conjurations
 + Level 1.2 Charms
 + Level 0.7 Summonings
 + Level 7.2 Ice Magic
 + Level 0.5 Earth Magic
 + Level 0.5 Poison Magic
 + Level 1.8 Evocations


You had 7 spell levels left.
You knew the following spells:

 Your Spells              Type           Power        Failure   Level  Hunger
a - Freeze                Ice            ####         1%          1    None
b - Throw Frost           Conj/Ice       ###...       2%          2    None
c - Ozocubu's Armour      Chrm/Ice       ###.....     6%          3    #......
d - Throw Icicle          Conj/Ice       ###.....     17%         4    ###....
e - Summon Ice Beast      Ice/Summ       ###.....     22%         4    ###....
f - Sting                 Conj/Pois      ##..         7%          1    None
g - Sandblast             Erth           #.....       9%          1    None

Your spell library contained the following spells:

 Spells                   Type           Power        Failure   Level  Hunger


Dungeon Overview and Level Annotations

Branches:
Dungeon (8/15)             Temple (1/1) D:5
   Lair: D:8-11

Altars:
Ashenzari
Cheibriados
Elyvilon
Fedhas
Gozag
Hepliaklqana
Kikubaaqudgha
Makhleb
Nemelex Xobeh
Okawaru
Qazlal
Ru
Sif Muna
Trog
Uskayaw
Vehumet
Wu Jian
Xom
Zin
The Shining One


Message History

A stone staircase leading down.
Casting: Freeze (safe; 1% risk of failure)
Confirm with . or Enter, or press ? or * to list all spells.
Aiming: Freeze (safe; 1% risk of failure)
Press: ? - help, Shift-Dir - straight line, f - crocodile
Aim: a crocodile You freeze the crocodile.
The crocodile is lightly wounded.
The crocodile seems to slow down.
The crocodile is no longer moving slowly.
You are feeling very hungry.
Casting: Freeze (safe; 1% risk of failure)
Confirm with . or Enter, or press ? or * to list all spells.
Aiming: Throw Frost (safe; 2% risk of failure)
Press: ? - help, Shift-Dir - straight line, f/p - crocodile
Aim: a crocodile (lightly wounded)
The puff of frost hits the crocodile!
The crocodile is heavily wounded.
The crocodile bites you!
You die...

#.# #.# #.# #.# ###########.#
#># #...........# #.#
#.########### #.# #.# #.# #.#
##### #.# ### #.#
#...#############.#
..###.#####....t@....>......#
.......>......###############
))....######### #######


You could see a crocodile.

Vanquished Creatures
  A hornet (D:8)
  Prince Ribbit (D:5)
  4 humans (D:6)
  2 black bears (D:6)
  2 sky beasts
  A phantom (D:6)
  A crocodile (Sewer)
  2 bullfrogs
  A scorpion (D:7)
  A howler monkey (D:7)
  A crimson imp (D:7)
  A bullfrog zombie (D:6)
  2 hounds
  5 orc priests
  A centaur skeleton (D:4)
  A bullfrog skeleton (D:5)
  5 orc wizards
  2 worker ants
  A hound zombie (D:7)
  2 hound skeletons
  8 mummies (Ossuary)
  A gnoll (D:8)
  A howler monkey skeleton (D:7)
  4 adders
  A river rat (D:4)
  A shadow imp (D:7)
  An ooze (D:1)
  An adder skeleton (D:5)
  A worm (D:3)
  3 dart slugs
  4 leopard geckos
  23 orcs
  5 giant cockroaches
  2 gnoll zombies
  3 goblins
  7 hobgoblins
  15 jackals
  4 quokkas
  3 ball pythons
  9 bats
  7 frilled lizards
  4 hobgoblin zombies
  A kobold (D:1)
  4 kobold zombies
  A leopard gecko skeleton (D:7)
  An orc zombie (Ossuary)
  10 rats
162 creatures vanquished.

Vanquished Creatures (collateral kills)
  A centaur (D:8)
  3 gnolls (D:8)
4 creatures vanquished.

Vanquished Creatures (others)
  2 fungi (D:8)
2 creatures vanquished.

Grand Total: 168 creatures vanquished

Notes
Turn   | Place    | Note
-------+----------+-------------------------------------------
     0 | D:1      | myga the Human Ice Elementalist began the quest for the
                  | Orb.
     0 | D:1      | Reached XP level 1. HP: 13/13 MP: 3/3
   258 | D:1      | Reached XP level 2. HP: 10/19 MP: 1/5
   602 | D:1      | Learned a level 2 spell: Throw Frost
   813 | D:1      | Reached XP level 3. HP: 19/24 MP: 0/6
   848 | D:1      | Learned a level 3 spell: Ozocubu's Armour
  1696 | D:2      | Reached XP level 4. HP: 25/30 MP: 6/8
  2568 | D:4      | Reached XP level 5. HP: 24/35 MP: 2/10
  2607 | D:4      | Found a glowing drain.
  2624 | Sewer    | Entered a sewer
  2898 | Sewer    | Learned a level 4 spell: Throw Icicle
  2924 | Sewer    | Noticed a crocodile
  2941 | Sewer    | Killed a crocodile
  2941 | Sewer    | Reached XP level 6. HP: 41/42 MP: 0/11
  3553 | D:4      | Got a pair of steaming boots
  3559 | D:4      | Identified the +2 pair of boots "Plog" {rCorr Dex+2} (You
                  | found it on level 4 of the Dungeon)
  3593 | D:4      | Reached skill level 1 in Fighting
  3593 | D:4      | Reached skill level 1 in Short Blades
  4107 | D:5      | Entered Level 5 of the Dungeon
  4136 | D:5      | Found a staircase to the Ecumenical Temple.
  4146 | Temple   | Entered the Ecumenical Temple
  4442 | Temple   | Became a worshipper of Vehumet
  4503 | D:5      | Reached XP level 7. HP: 39/48 MP: 7/13
  4681 | D:5      | Learned a level 4 spell: Summon Ice Beast
  4872 | D:5      | Found a sacrificial altar of Ru.
  4957 | D:5      | Noticed Prince Ribbit
  4977 | D:5      | Killed Prince Ribbit
  4977 | D:5      | Reached skill level 5 in Spellcasting
  4977 | D:5      | Reached skill level 5 in Ice Magic
  5132 | D:5      | Reached skill level 1 in Charms
  5132 | D:5      | Reached XP level 8. HP: 54/54 MP: 11/15
  5438 | D:6      | Found an opulent altar of Gozag.
  5446 | D:6      | Found an ornate altar of the Wu Jian Council.
  5637 | D:6      | Noticed a human
  5651 | D:6      | Killed a human
  5748 | D:6      | Noticed a human
  5749 | D:6      | Noticed a human
  5762 | D:6      | Killed a human
  5904 | D:6      | Found an iron altar of Okawaru.
  5938 | D:6      | Killed a human
  6007 | D:6      | Reached * piety under Vehumet
  6007 | D:6      | Offered knowledge of Sting by Vehumet.
  6017 | D:6      | Learned a level 1 spell: Sting
  6392 | D:6      | Reached skill level 1 in Evocations
  6392 | D:6      | Reached XP level 9. HP: 52/61 MP: 13/18
  7166 | D:7      | Found a burning altar of Makhleb.
  7343 | D:7      | Found a sand-covered staircase.
  7352 | Ossuary  | Entered an ossuary
  7440 | Ossuary  | Offered knowledge of Sandblast by Vehumet.
  7447 | Ossuary  | Learned a level 1 spell: Sandblast
  7967 | D:7      | Reached ** piety under Vehumet
  8524 | D:8      | Noticed a hornet
  8528 | D:8      | Killed a hornet
  8670 | D:8      | Reached skill level 1 in Throwing
  8670 | D:8      | Noticed a troll
  8693 | D:7      | Slain by a crocodile

Skill      XL: |  1  2  3  4  5  6  7  8  9 |
---------------+----------------------------+-----
Spellcasting   | 3 4 5 6 7 |  7.6
Ice Magic      | 4 5 6 7 |  7.2
Fighting       | 1 2 |  2.1
Short Blades   | 1 2 3 |  3.0
Stealth        | 3 4 |  4.0
Dodging        | 3 |  3.7
Charms         | 1 |  1.2
Evocations     | 1 |  1.8
Throwing       | 1 |  1.0
Maces & Flails | |  0.3
Conjurations   | |  1.8
Summonings     | |  0.7
Earth Magic    | |  0.5
Poison Magic   | |  0.5

Action                   |  1- 3 |  4- 6 |  7- 9 || total
-------------------------+-------+-------+-------++-------
Melee: Mace              |    35 |       |       ||    35
       Dagger            |     2 |    91 |    80 ||   173
       Rapier            |       |       |   132 ||   132
Throw: Stone             |     7 |    31 |    13 ||    51
 Cast: Freeze            |    32 |    75 |   110 ||   217
       Throw Frost       |     2 |     6 |    19 ||    27
       Ozocubu's Armour  |       |     1 |     4 ||     5
       Sting             |       |       |    18 ||    18
       Sandblast         |       |       |     6 ||     6
       Summon Ice Beast  |       |       |     3 ||     3
Evoke: Wand              |       |       |    32 ||    32
  Use: Potion            |     1 |     2 |       ||     3
       Scroll            |       |     8 |     7 ||    15
 Stab: Sleeping          |     6 |     5 |    11 ||    22
       Distracted        |       |     1 |       ||     1
       Confused          |       |       |     1 ||     1
  Eat: Chunk             |     3 |     8 |    11 ||    22
       Ration            |       |       |     1 ||     1
Armor: Robe              |     8 |    39 |    85 ||   132
Dodge: Dodged            |    36 |   120 |   173 ||   329
